 Dungeon Crawl Stone Soup version 0.30-a0-726-gd89dcf765f (webtiles) character file.

Game seed: 6285728834923186117

23 HoaS the Shooter (level 3, 0/21 HPs)
             Began as a Gargoyle Hunter on Jan 29, 2023.
             Slain by Natasha (5 damage)
             ... on level 2 of the Dungeon.
             The game lasted 00:01:51 (1074 turns).

HoaS the Shooter (Gargoyle Hunter)                  Turns: 1074, Time: 00:01:51

Health: 0/21       AC:  7    Str: 14    XL:     3   Next: 0%
Magic:  3/3        EV: 11    Int:  9    God:
Gold:   11         SH:  0    Dex: 15    Spells: 2/2 levels left

rFire   . . .      SeeInvis .    a - +0 shortbow
rCold   . . .      Faith    .    (shield currently unavailable)
rNeg    + . .      Spirit   .    c - +0 leather armour
rPois   ∞          Reflect  .    (no helmet)
rElec   +          Harm     .    (no cloak)
rCorr   .          Rampage  .    (no gloves)
Will    .....                    d - +0 pair of boots
Stlth   ++                       (no amulet)
HPRegen 0.23/turn                (no ring)
MPRegen 0.08/turn                (no ring)

@: no status effects
A: sickness immunity, AC +3, negative energy resistance 1, electricity
resistance, torment resistance 1, petrification resistance
a: no special abilities


You were on level 2 of the Dungeon.
You visited 1 branch of the dungeon, and saw 2 of its levels.

You collected 11 gold pieces.

Inventory:

Hand Weapons
 a - a +0 shortbow (weapon)
Armour
 c - a +0 leather armour (worn)
 d - a +0 pair of boots (worn)
Scrolls
 b - a scroll of immolation
Potions
 e - a potion of might
 f - a potion of degeneration {unknown}
 g - a potion of mutation {unknown}
 i - a potion of ambrosia {unknown}
 j - a potion of flight {unknown}
 k - a potion of invisibility {unknown}


   Skills:
 - Level 2.1 Fighting
 + Level 4.9 Ranged Weapons
 - Level 1.5 Dodging
 - Level 1.1 Stealth


You had 2 spell levels left.
You didn't know any spells.
Your spell library was empty.

Dungeon Overview and Level Annotations

Branches:
Dungeon (2/15)

Altars:

Annotations:
D:2 Natasha


Innate Abilities, Weirdness & Mutations

You are immune to sickness and miasma.
Your stone body is resilient. (AC +3)
You are immune to poison.
You resist negative energy. (rN+)
You are resistant to electric shocks. (rElec)
You are resistant to unholy torment.
You are immune to petrification.


Message History

m - a scroll labelled QISAEH VILEO You see here a hobgoblin corpse.
n - a scroll labelled XILICR VAFY
Okay, then.
As you read the scroll labelled WABOGH AP OGUO, it crumbles to dust.
You hear a loud clanging noise!
It was a scroll of noise.
As you read the scroll labelled OZAM VIOCLIDIDD, it crumbles to dust.
It is a scroll of identify.
e - a potion of might Blink to where?
Press: ? - help, Dir - move target, f - you Are you sure you want to cancel this blink?
Okay, then.
As you read the scroll labelled QISAEH VILEO, it crumbles to dust.
It was a scroll of blinking.
As you read the scroll labelled XILICR VAFY, it crumbles to dust.
Your body is wracked with pain!
It was a scroll of torment.
You start resting.
Natasha, Servant of Life and Death comes into view.
You shoot an arrow.
Natasha hisses angrily.
The arrow hits Natasha but does no damage.
You shoot an arrow. The arrow barely misses Natasha.
Natasha casts a spell at you. The magic dart hits you.
You shoot an arrow. The arrow closely misses Natasha.
Natasha misses you.
You shoot an arrow. The arrow hits Natasha.
Natasha is heavily wounded.
Natasha claws you!
Natasha mumbles some strange words.
You shoot an arrow. The arrow hits Natasha.
Natasha is heavily wounded.
Natasha closely misses you. The iron imp hits you.
* * * LOW HITPOINT WARNING * * *
You shoot an arrow.
The arrow hits Natasha but does no damage.
Natasha is heavily wounded.
Natasha claws you.
You die...

#.# #.# #.# ## ####
#.# .. ...# #.#
#####.##.# #.#
....#.#..#####.####
.†....#........h..#
###.###..#####.#@##
# #.# #..# #.#5# #
#.###..# #.#.# #
#......# #.#.# #
######.# #.... #
#.# ##### # #.# #.#
#.#


You could see an iron imp (summoned) and Natasha.

Vanquished Creatures
  An endoplasm (D:1)
  A goblin (D:2)
  4 hobgoblins
  2 jackals (D:1)
  A quokka (D:1)
  2 ball pythons (D:1)
  2 bats (D:1)
  4 kobolds
  6 rats
23 creatures vanquished.

Notes
Turn   | Place    | Note
-------+----------+-------------------------------------------
     0 | D:1      | HoaS the Gargoyle Hunter began the quest for the Orb.
     0 | D:1      | Reached XP level 1. HP: 12/12 MP: 1/1
   228 | D:1      | Reached XP level 2. HP: 17/17 MP: 2/2
  1018 | D:2      | Reached XP level 3. HP: 21/21 MP: 3/3
  1068 | D:2      | Noticed Natasha
  1074 | D:2      | Slain by Natasha

Illustrated notes

Levels and vault maps discovered:
D:1:      mushboom_english_gardens, layout_basic
D:2:      layout_basic, kennysheep_cluttered_room, dreamdust_princess_corridor,
          uniq_terence, uniq_natasha

Action                     || total
---------------------------++-------
   Fire: Shortbow          ||    48
    Use: Scroll            ||     6
 Armour: Leather armour    ||     1
  Dodge: Dodged            ||     2

Table legend: (Time is in decaauts)
 A = Elapsed time spent in this place.
 B = Non-inter-level travel time spent in this place.
 C = Inter-level travel time spent in this place.
 D = Time resting spent in this place.
 E = Time spent auto-exploring this place.
 F = Levels seen in this place.
 G = Mean time per level.
                   A        B        C        D        E       F      G
               +--------+--------+--------+--------+--------+-----+--------+
         Total |   1088 |   1043 |     45 |     15 |    883 |   2 |  544.0 |
       Dungeon |   1088 |   1043 |     45 |     15 |    883 |   2 |  544.0 |
               +--------+--------+--------+--------+--------+-----+--------+

Top non-repeatable levels by time:
     D:1: 910 daAuts
     D:2: 178 daAuts
